 Dungeon Crawl Stone Soup version 0.31-a0-188-g5e087ee2ca (webtiles) character file.

Game seed: 7068017973629177398

12 qw the Shooter (level 2, 0/16 HPs)
             Began as a Deep Elf Hunter on June 23, 2023.
             Slain by a quokka (4 damage)
             ... on level 1 of the Dungeon.
             The game lasted 00:00:01 (48 turns).

qw the Shooter (Deep Elf Hunter)                      Turns: 48, Time: 00:00:02

Health: 0/16       AC:  3    Str:  8    XL:     2   Next: 20%
Magic:  4/4        EV: 12    Int: 13    God:
Gold:   0          SH:  0    Dex: 18    Spells: 1/1 levels left

rFire   . . .        a - +0 shortbow
rCold   . . .        (shield currently unavailable)
rNeg    . . .        c - +0 leather armour
rPois   .            (no helmet)
rElec   .            (no cloak)
rCorr   .            (no gloves)
SInv    .            (no boots)
Will    .....        (no amulet)
Stlth   ++           (no ring)
HPRegen 0.22/turn    (no ring)
MPRegen 0.09/turn

%: no passive effects
@: no status effects
A: no striking features
a: no special abilities


You were on level 1 of the Dungeon.
You visited 1 branch of the dungeon, and saw 1 of its levels.


   Skills:
 - Level 1.5 Fighting
 + Level 6.1 Ranged Weapons
 - Level 2.4 Dodging
 - Level 1.2 Stealth


You had one spell level left.
You didn't know any spells.
Your spell library was empty.

Inventory:

Hand Weapons
 a - a +0 shortbow (weapon)
Armour
 c - a +0 leather armour (worn)
Scrolls
 b - a scroll of butterflies

Dungeon Overview and Level Annotations

Branches:
Dungeon (1/15)

Altars:


Message History

You kill the bat!
A rat comes into view.
You shoot an arrow. The arrow closely misses the rat.
You shoot an arrow. The arrow hits the rat!
You kill the rat!
You see here a bat corpse.
You see here a ball python corpse.
You see here a +0 mace of protection.
A quokka comes into view.
Found a pair of boots.
You shoot an arrow.
The arrow hits the quokka but does no damage.
You hear a shout!
A gnoll comes into view. It is wielding a +0 flail.
You shoot an arrow. The arrow misses the quokka.
The quokka bites you.
You shoot an arrow. The arrow closely misses the quokka.
The arrow hits the gnoll.
The gnoll is heavily wounded.
The quokka barely misses you. x2
You shoot an arrow. The arrow closely misses the quokka.
The arrow hits the gnoll!
You kill the gnoll!
The quokka bites you.
Your Ranged Weapons skill increases to level 6!
You have reached level 2!
You shoot an arrow. The arrow hits the quokka.
The quokka is lightly wounded.
The quokka bites you.
A rat comes into view.
You shoot an arrow. The arrow closely misses the quokka.
The quokka closely misses you. x2
You shoot an arrow. The arrow hits the quokka.
The quokka is moderately wounded.
The quokka bites you.
You shoot an arrow.
The arrow hits the quokka but does no damage.
The quokka is moderately wounded.
The quokka bites you.
You die...

# #..#
#.####..#
.......#
#....#
#...####
#r.....# ###
#...##.#
...[.##)..##.#
#...)r@####.#
##..#### #.#
#. #.# # #.#
####.##
#.....# #.
#.....# #.
#.....# #.
#.....#


You could see a quokka and a rat.

Vanquished Creatures
  A gnoll (D:1)
  A ball python (D:1)
  A bat (D:1)
  A rat (D:1)
4 creatures vanquished.

Notes
Turn   | Place    | Note
-------+----------+-------------------------------------------
     0 | D:1      | qw the Deep Elf Hunter began the quest for the Orb.
     0 | D:1      | Reached XP level 1. HP: 12/12 MP: 3/3
     0 | D:1      | 0 ||| qw: Version: 0.3-a-9-g12657ce
     0 | D:1      | 0 ||| qw: Game counter: 3217
     0 | D:1      | 0 ||| qw: Always use a shield: true
     0 | D:1      | 0 ||| qw: God list: Okawaru
     0 | D:1      | 0 ||| qw: Allow faded altars: false
     0 | D:1      | 0 ||| qw: Do Orc after D:15 true
     0 | D:1      | 0 ||| qw: Do second Lair branch before Depths: true
     0 | D:1      | 0 ||| qw: Lair rune preference: random
     0 | D:1      | 0 ||| qw: Plans: Normal
     0 | D:1      | 0 ||| PLANNING D:1-11
    45 | D:1      | Reached skill level 6 in Ranged Weapons
    45 | D:1      | Reached XP level 2. HP: 8/16 MP: 4/4
    47 | D:1      | HP: 4/16 [quokka (4)]
    48 | D:1      | Slain by a quokka

Levels and vault maps discovered:
D:1:      ncdulo_lavacross, layout_loops_ring, minmay_pentomino_q2

Skill      XL: |  1 |
---------------+----+-----
Ranged Weapons | 6 |  6.1
Fighting       | |  1.5
Dodging        | |  2.4
Stealth        | |  1.2

Action                     || total
---------------------------++-------
   Fire: Shortbow          ||    13
  Dodge: Dodged            ||     4

Table legend:
 A = Non-vault XP
 B = Vault XP
 C = Vault XP percentage of total XP
 D = Non-vault monster count
 E = Vault monster count
 F = Vault count percentage of total count
                 A         B        C        D         E       F
            +---------+---------+-------+---------+---------+-------
      Total |      18 |       0 |   0.0 |       4 |       0 |   0.0
            +---------+---------+-------+---------+---------+-------
        D:1 |      18 |       0 |   0.0 |       4 |       0 |   0.0
            +---------+---------+-------+---------+---------+-------
